 Dungeon Crawl Stone Soup version 0.23-a0-860-g8ff03fb (webtiles) character file.

120 poirepourri the Chopper (level 4, -3/39 HPs)
             Began as a Minotaur Fighter on Jan 27, 2019.
             Slain by a gnoll
             ... wielding a +0 halberd
              (10 damage)
             ... on level 2 of the Dungeon.
             The game lasted 00:00:35 (1024 turns).

poirepourri the Chopper (Minotaur Fighter)          Turns: 1024, Time: 00:00:36

Health: -3/39      AC:  6    Str: 25    XL:     4   Next: 75%
Magic:  3/3        EV:  7    Int:  5    God:
Gold:   50         SH: 10    Dex: 11    Spells: 3/3 levels left

rFire    . . .     SeeInvis .   a - +0 war axe
rCold    . . .     Gourm    .   c - +0 shield
rNeg     . . .     Faith    .   b - +0 scale mail
rPois    .         Spirit   .   (helmet restricted)
rElec    .         Reflect  .   (no cloak)
rCorr    .         Harm     .   (no gloves)
MR       .....                  (no boots)
Stlth    ..........             (no amulet)
HPRegen  0.13/turn              (no ring)
MPRegen  0.08/turn              (no ring)

@: mighty
A: retaliatory headbutt, horns 2
a: no special abilities


You were on level 2 of the Dungeon.
You were not hungry.

You visited 1 branch of the dungeon, and saw 2 of its levels.

You collected 50 gold pieces.

Inventory:

Hand Weapons
 a - a +0 war axe (weapon)
Armour
 b - a +0 scale mail (worn)
 c - a +0 shield (worn)
Scrolls
 e - a scroll of remove curse {unknown}
 h - a scroll of identify {unknown}
 i - a scroll of teleportation {unknown}
Potions
 g - a potion of invisibility {unknown}
 j - 2 potions of curing {unknown}
 k - 2 potions of mutation {unknown}
Comestibles
 f - a ration


   Skills:
 - Level 3.6 Fighting
 + Level 6.1 Axes
 - Level 3.6 Armour
 - Level 3.6 Shields


You had 3 spell levels left.
You didn't know any spells.
Your spell library was empty.

Dungeon Overview and Level Annotations

Branches:
Dungeon (2/15)

Altars:


Innate Abilities, Weirdness & Mutations

You reflexively headbutt those who attack you in melee.
You have a pair of horns on your head.


Message History

The orc is severely wounded.
The orc hits you but does no damage.
An orc priest comes into view.
You hit the orc.
You kill the orc!
The orc priest miscasts a cantrip.
A gnoll comes into view.
The orc priest invokes the aid of Beogh against you.
Beogh smites you!
You hear a shout!
Items here: ( )) [ † a +0 war axe; a +0 hand axe; 4 tomahawks; a +0 leather armour; an orc corpse A gnoll comes into view.
It is wielding a +0 halberd.
The gnoll shouts! x2
The orc priest hits you with a +0 hand axe.
The orc priest calls down the wrath of Beogh upon you.
Beogh smites you!
* * * LOW HITPOINT WARNING * * *
The gnoll hits you from afar with a +0 halberd!
You die...

..#..### ......
.g.#...#####..####..
.......#..(.<.......
#.......###.#......
#####!......#.######
#(†.#...........
...##.....###..≈...≈
#..)†...†##........
..........)..)@o..o...
#.#<..#####)##........
#.## .....g..≈...≈ ..!
#.?............ #..
#........###### #.
#....g.... #.......!.#
..........#


You could see 2 orc priests and 2 gnolls.

Vanquished Creatures
  An orc priest (D:2)
  Terence (D:2)
  A gnoll (D:2)
  An adder (D:2)
  An ooze (D:1)
  2 dart slugs (D:1)
  3 orcs (D:2)
  2 bats (D:1)
  2 giant cockroaches (D:2)
  A hobgoblin (D:1)
  7 jackals (D:1)
  2 frilled lizards (D:1)
  6 goblins
  2 rats (D:1)
32 creatures vanquished.

Notes
Turn   | Place    | Note
-------+----------+-------------------------------------------
     0 | D:1      | poirepourri the Minotaur Fighter began the quest for the
                  | Orb.
     0 | D:1      | Reached XP level 1. HP: 19/19 MP: 0/0
   153 | D:1      | Reached skill level 3 in Axes
   153 | D:1      | Reached XP level 2. HP: 20/26 MP: 1/1
   318 | D:1      | Reached skill level 4 in Axes
   427 | D:1      | Reached XP level 3. HP: 31/31 MP: 2/2
   855 | D:2      | Noticed Terence
   870 | D:2      | Killed Terence
   870 | D:2      | Reached skill level 5 in Axes
   870 | D:2      | Reached XP level 4. HP: 15/39 MP: 3/3
  1020 | D:2      | Reached skill level 6 in Axes
  1024 | D:2      | Slain by a gnoll

Vault maps used:
D:1:      dpeg_arrival_lava_altar, minmay_misc_feat_doors, serial_bayou_pond_d
D:2:      cheibrodos_pilgrimage, overflow_temple_1_default, serial_curves,
          eino_curves_03, eino_curves_02, uniq_terence

Skill      XL: |  1  2  3  4 |
---------------+-------------+-----
Axes           | 3 4 5 6 |  6.1
Fighting       | |  3.6
Armour         | |  3.6
Shields        | |  3.6

Action                   |  1- 3 |  4- 6 || total
-------------------------+-------+-------++-------
Melee: War axe           |    66 |     9 ||    75
       Headbutt          |    13 |     1 ||    14
  Use: Potion            |       |     1 ||     1
Armor: Scale mail        |    41 |     2 ||    43
Dodge: Dodged            |    19 |     4 ||    23
Block: Shield            |    27 |     4 ||    31

Table legend:
 A = Non-vault XP
 B = Vault XP
 C = Vault XP percentage of total XP
 D = Non-vault monster count
 E = Vault monster count
 F = Vault count percentage of total count
                 A         B        C        D         E       F
            +---------+---------+-------+---------+---------+-------
      Total |      82 |      90 |  52.3 |      27 |       5 |  15.6
            +---------+---------+-------+---------+---------+-------
        D:1 |      48 |       0 |   0.0 |      22 |       0 |   0.0
        D:2 |      34 |      90 |  72.6 |       5 |       5 |  50.0
            +---------+---------+-------+---------+---------+-------
